 Dungeon Crawl Stone Soup version 0.27.0-1-g7a089689b8 (webtiles) character file.

Game seed: 1664705339327690365

2 Crownlay the Conjurer (level 1, 0/14 HPs)
             Began as a Draconian Conjurer on Aug 11, 2021.
             Slain by a ball python (1 damage)
             ... on level 1 of the Dungeon.
             The game lasted 00:00:31 (106 turns).

Crownlay the Conjurer (Draconian Conjurer)           Turns: 106, Time: 00:00:32

Health: 0/14       AC:  4    Str:  9    XL:     1   Next: 25%
Magic:  0/3        EV:  9    Int: 18    God:
Gold:   7          SH:  0    Dex:  9    Spells: 3/4 levels left

rFire    . . .     SeeInvis .   (no weapon)
rCold    . . .     Faith    .   (no shield)
rNeg     . . .     Spirit   .   (armour unavailable)
rPois    .         Reflect  .   (helmet restricted)
rElec    .         Harm     .   (no cloak)
rCorr    .         Rampage  .   (no gloves)
Will     .....                  (no boots)
Stlth    ++........             (no amulet)
HPRegen  0.04/turn              (no ring)
MPRegen  0.08/turn              (no ring)

@: constricted
A: AC +4, unfitting armour, cold-blooded
a: no special abilities


You were on level 1 of the Dungeon.
You visited 1 branch of the dungeon, and saw 1 of its levels.

You collected 7 gold pieces.

You aren't carrying anything.


   Skills:
 - Level 1.7 Dodging
 - Level 1.7 Stealth
 - Level 2.0 Spellcasting
 + Level 4.1 Conjurations


You had 3 spell levels left.
You knew the following spells:

 Your Spells              Type           Power      Damage    Failure   Level
a - Magic Dart            Conj           64%        1d6       3%          1

Your spell library contained the following spells:

 Spells                   Type           Power      Damage    Failure   Level
 Searing Ray              Conj           32%        3d4       4%          2
 Dazzling Flash           Conj/Hex       18%        N/A       24%         3
 Fulminant Prism          Conj/Hex       4%         3d6       61%         4
 Iskenderun's Mystic Bla  Conj/Tloc      9%         2d4       61%         4


Dungeon Overview and Level Annotations

Branches:
Dungeon (1/15)

Altars:


Innate Abilities, Weirdness & Mutations

Your plain brown scales are hard. (AC +4)
You cannot fit into any form of body armour.
You are cold-blooded and may be slowed by cold attacks.


Message History

The magic dart hits the quokka but does no damage.
The quokka is moderately wounded.
The magic dart hits the quokka.
The quokka is severely wounded.
The quokka twitches its whiskers.
A ball python comes into view.
The magic dart hits the quokka but does no damage.
The quokka is heavily wounded.
The quokka barely misses you.
You miss the quokka.
The quokka is heavily wounded.
The quokka closely misses you.
You hit the quokka but do no damage.
Your tail-slap misses the quokka.
The quokka is heavily wounded.
The quokka bites you. The ball python closely misses you.
The ball python grabs you. The ball python constricts you.
The quokka bites you.
You closely miss the quokka.
The quokka is heavily wounded.
The ball python bites you. The ball python constricts you.
The quokka barely misses you.
You closely miss the quokka.
Your tail-slap misses the quokka.
The quokka is heavily wounded.
The ball python bites you.
* * * LOW HITPOINT WARNING * * *
The ball python constricts you.
The quokka bites you but does no damage.
The ball python closely misses you.
* * * LOW HITPOINT WARNING * * *
The ball python constricts you.
You closely miss the quokka.
Your tail-slap misses the quokka.
The quokka is heavily wounded.
The quokka bites you.
* * * LOW HITPOINT WARNING * * *
The ball python barely misses you. The ball python constricts you.
You barely miss the quokka.
The quokka is heavily wounded.
The quokka barely misses you. The ball python bites you.
* * * LOW HITPOINT WARNING * * *
You die...

#..# #..##.# #..##.#
#..##.# #..##.#
#..##.#
.########..##.#
........#..##S#
...........##@#
........#.###r#
#######.#.# #.#
###...#.###.# #
###.....#.....###
####.......#####...#
##.............>.#.#
##.....########..#...
#.....# #..# ##.#


You could see a quokka and a ball python.

Vanquished Creatures
  An endoplasm (D:1)
  A rat (D:1)
2 creatures vanquished.

Notes
Turn   | Place    | Note
-------+----------+-------------------------------------------
     0 | D:1      | Crownlay the Draconian Conjurer began the quest for the
                  | Orb.
     0 | D:1      | Reached XP level 1. HP: 14/14 MP: 3/3
   106 | D:1      | Slain by a ball python

Illustrated notes

Levels and vault maps discovered:
D:1:      onia_arrival_pentagram, layout_loops_ring, hangedman_feature_mirror

Action                   || total
-------------------------++-------
Melee: Unarmed           ||     6
 Cast: Magic Dart        ||     7
Armor: Skin              ||     1
Dodge: Dodged            ||     7
